 Dungeon Crawl Stone Soup version 0.27-a0-341-g40fdf68bc5 (webtiles) character file.

Game seed: 346876071008525604

7 EnegeticOcto the Digger (level 2, 0/17 HPs)
             Began as a Halfling Earth Elementalist on Feb 14, 2021.
             Succumbed to an adder's poison
             ... on level 3 of the Dungeon.
             The game lasted 00:01:18 (227 turns).

EnegeticOcto the Digger (HaEE)                       Turns: 227, Time: 00:01:19

Health: 0/17       AC:  2    Str:  9    XL:     2   Next: 10%
Magic:  4/4        EV: 15    Int: 13    God:
Gold:   0          SH:  0    Dex: 14    Spells: 3/4 levels left

rFire    . . .     SeeInvis .   e - +0 hunting sling
rCold    . . .     Faith    .   (shield restricted)
rNeg     . . .     Spirit   .   c - +0 robe
rPois    .         Reflect  .   (no helmet)
rElec    .         Harm     .   (no cloak)
rCorr    .         Rampage  .   (no gloves)
Will     .....                  (no boots)
Stlth    ++........             (no amulet)
HPRegen  0.05/turn              (no ring)
MPRegen  0.09/turn              (no ring)

@: lethally poisoned (0 -> -11)
A: small, mutation resistance 1
a: no special abilities


You were on level 3 of the Dungeon.
You visited 1 branch of the dungeon, and saw 3 of its levels.

Inventory:

Hand Weapons
 e - a +0 hunting sling (weapon)
   (You found it on level 1 of the Dungeon)
 f - a +0 short sword
   (You took it off a kobold on level 1 of the Dungeon)
Missiles
 b - 70 stones (quivered ammo)
Armour
 c - a +0 robe (worn)
Potions
 a - a potion of attraction {unknown}
 d - a potion of lignification {unknown}
 g - 2 potions of curing {unknown}
 h - a potion of flight {unknown}


   Skills:
 + Level 2.4 Slings
 - Level 2.1 Dodging
 - Level 2.1 Stealth
 - Level 1.5 Spellcasting
 - Level 0.5 Transmutations
 - Level 3.0 Earth Magic


You had 3 spell levels left.
You knew the following spells:

 Your Spells              Type           Power        Failure   Level
a - Sandblast             Erth           16%          8%          1

Your spell library contained the following spells:

 Spells                   Type           Power        Failure   Level
 Passwall                 Tmut/Erth      4%           21%         2
 Stone Arrow              Conj/Erth      8%           41%         3
 Petrify                  Tmut/Erth      5%           78%         4
 Lee's Rapid Deconstruct  Erth           4%           91%         5


Dungeon Overview and Level Annotations

Branches:
Dungeon (3/15)

Altars:


Innate Abilities, Weirdness & Mutations

You are small and have problems with some larger weapons.
You are somewhat resistant to further mutation.


Message History

Found 17 arrows.
Found 7 stones.
A rat comes into view.
Found a red potion.
You see here 7 stones.
You are too injured to fight recklessly!
You are too injured to fight recklessly!
Fire: 77 stones
Press: ? - help, Q - select action, (/) - cycle Shift-Dir - straight line, f - rat
Aim: a rat (asleep, 98% to hit)
You shoot a stone.
The stone hits the rat but does no damage.
Fire: 76 stones
Press: ? - help, Q - select action, (/) - cycle Shift-Dir - straight line, f/p - rat
Aim: a rat (59% to hit)
You shoot a stone. The stone hits the rat.
You kill the rat!
You have reached level 2!
b - 82 stones (gained 7)
b - 83 stones (gained 1)
You see here a rat corpse.
h - a red potion A hobgoblin comes into view.
It is wielding a +0 club.
The hobgoblin shouts!
You hear an angry hiss.
Fire: 83 stones
Press: ? - help, Q - select action, (/) - cycle Shift-Dir - straight line, f - hobgoblin
Aim: a hobgoblin, wielding a +0 club (59% to hit)
You shoot a stone. The stone hits the hobgoblin.
The hobgoblin is severely wounded.
An adder comes into view.
The hobgoblin hits you but does no damage.
Fire: 82 stones
Press: ? - help, Q - select action, (/) - cycle Shift-Dir - straight line, f/p - hobgoblin
Aim: a hobgoblin, wielding a +0 club (severely wounded, 59% to hit)
You shoot a stone. The stone hits the hobgoblin.
You kill the hobgoblin!
Fire: 81 stones
Press: ? - help, Q - select action, (/) - cycle Shift-Dir - straight line, f - adder
Aim: an adder (40% to hit)
You shoot a stone. The stone barely misses the adder.
Fire: 80 stones
Press: ? - help, Q - select action, (/) - cycle Shift-Dir - straight line, f/p - adder
Aim: an adder (40% to hit)
You shoot a stone. The stone completely misses the adder.
Fire: 79 stones
Press: ? - help, Q - select action, (/) - cycle Shift-Dir - straight line, f/p - adder
Aim: an adder (40% to hit)
You shoot a stone. The stone hits the adder.
The adder is lightly wounded.
The adder barely misses you.
Fire: 78 stones
Press: ? - help, Q - select action, (/) - cycle Shift-Dir - straight line, f/p - adder
Aim: an adder (lightly wounded, 40% to hit)
You shoot a stone. The stone closely misses the adder.
The adder completely misses you.
Fire: 77 stones
Press: ? - help, Q - select action, (/) - cycle Shift-Dir - straight line, f/p - adder
Aim: an adder (lightly wounded, 40% to hit)
You shoot a stone. The stone hits the adder.
The adder is lightly wounded.
The adder misses you.
Fire: 76 stones
Press: ? - help, Q - select action, (/) - cycle Shift-Dir - straight line, f/p - adder
Aim: an adder (lightly wounded, 40% to hit)
You shoot a stone. The stone completely misses the adder.
The adder misses you. The adder closely misses you.
Fire: 75 stones
Press: ? - help, Q - select action, (/) - cycle Shift-Dir - straight line, f/p - adder
Aim: an adder (lightly wounded, 40% to hit)
You shoot a stone. The stone barely misses the adder.
The adder bites you.
* * * LOW HITPOINT WARNING * * *
You are lethally poisoned!
The adder poisons you!
Fire: 74 stones
Press: ? - help, Q - select action, (/) - cycle Shift-Dir - straight line, f/p - adder
Aim: an adder (lightly wounded, 40% to hit)
You shoot a stone. The stone closely misses the adder.
* * * LOW HITPOINT WARNING * * *
You feel sick. The adder completely misses you. The adder closely misses you.
Fire: 73 stones
Press: ? - help, Q - select action, (/) - cycle Shift-Dir - straight line, f/p - adder
Aim: an adder (lightly wounded, 40% to hit)
You shoot a stone. The stone barely misses the adder.
The adder bites you.
* * * LOW HITPOINT WARNING * * *
You are more poisoned.
The adder poisons you!
Fire: 72 stones
Press: ? - help, Q - select action, (/) - cycle Shift-Dir - straight line, f/p - adder
Aim: an adder (lightly wounded, 40% to hit)
You shoot a stone. The stone hits the adder.
The adder is heavily wounded.
* * * LOW HITPOINT WARNING * * *
You feel sick. The adder bites you but does no damage.
Fire: 71 stones
Press: ? - help, Q - select action, (/) - cycle Shift-Dir - straight line, f/p - adder
Aim: an adder (heavily wounded, 40% to hit)
You shoot a stone. The stone misses the adder.
You die...

.....#.# .# ##.. ....#.#
.# .... ...#.# .# (
##..# #..#.###>#
..###...######..#.....##
.((..... #......##...#
.(... #..†...##.#.# #S)#
##...#.##...#
#.@####....#.....##
#..........#.#.##<.
##...........#.##.#
#.##.#.#(##.#.#...
......#...##.#..#.#
###.######.##.#..#.# #.#
#.##......# #.#
#...#####†# #. ##### ##.


You could see an adder.

Vanquished Creatures
  A leopard gecko (D:3)
  A hobgoblin (D:3)
  2 kobolds (D:1)
  A frilled lizard (D:3)
  A rat (D:3)
6 creatures vanquished.

Notes
Turn   | Place    | Note
-------+----------+-------------------------------------------
     0 | D:1      | EnegeticOcto the Halfling Earth Elementalist began the
                  | quest for the Orb.
     0 | D:1      | Reached XP level 1. HP: 11/11 MP: 3/3
    45 | D:1      | Reached skill level 1 in Slings
   146 | D:3      | Reached skill level 2 in Slings
   199 | D:3      | Reached XP level 2. HP: 6/17 MP: 4/4
   227 | D:3      | Succumbed to an adder's poison

Illustrated notes

Levels and vault maps discovered:
D:1:      mrwooster_arrival_statue, layout_loops_ring
D:2:      layout_loops_cross, kennysheep_generic_room_3, uniq_sigmund
D:3:      layout_loops_ring, grunt_dithmenos_smoke, vehumet_crystals,
          xom_teletrap_fun, ebering_ghost_disaster_area, kennysheep_nub,
          hangedman_decor_growths, uniq_jessica

Skill      XL: |  1 |
---------------+----+-----
Slings         | 2 |  2.4
Dodging        | |  2.1
Stealth        | |  2.1
Spellcasting   | |  1.5
Transmutations | |  0.5
Earth Magic    | |  3.0

Action                   || total
-------------------------++-------
 Fire: Hunting sling     ||    30
Armor: Robe              ||     2
Dodge: Dodged            ||    18

Table legend: (Time is in decaauts)
 A = Elapsed time spent in this place.
 B = Non-inter-level travel time spent in this place.
 C = Inter-level travel time spent in this place.
 D = Time resting spent in this place.
 E = Time spent auto-exploring this place.
 F = Levels seen in this place.
 G = Mean time per level.
                   A        B        C        D        E       F      G
               +--------+--------+--------+--------+--------+-----+--------+
         Total |    229 |    206 |     23 |      0 |      0 |   3 |   76.3 |
       Dungeon |    229 |    206 |     23 |      0 |      0 |   3 |   76.3 |
               +--------+--------+--------+--------+--------+-----+--------+

Top non-repeatable levels by time:
     D:3: 93 daAuts
     D:1: 77 daAuts
     D:2: 58 daAuts
